 Dungeon Crawl Stone Soup version 0.21-a0-154-gb5400c9 (webtiles) character file.

151 KarmaPolice the Skirmisher (level 5, -1/29 HPs)
             Began as a Vine Stalker Fighter on Aug 2, 2017.
             Killed from afar by an orc wizard (4 damage)
             ... with a magic dart
             ... on level 2 of the Dungeon.
             The game lasted 00:05:04 (1824 turns).

KarmaPolice the Skirmisher (Vine Stalker Fighter)   Turns: 1824, Time: 00:05:05

Health: -1/29      AC:  6    Str: 20    XL:     5   Next: 33%
Magic:  0/6        EV:  7    Int:  8    God:
Gold:   91         SH:  9    Dex: 13    Spells: 4/4 levels left

rFire    . . .     SeeInvis .   a - +0 long sword
rCold    . . .     Gourm    .   c - +0 shield
rNeg     . . .     Faith    .   b - +0 scale mail
rPois    .         Spirit   +   (no helmet)
rElec    .         Reflect  .   (no cloak)
rCorr    .         Harm     .   (no gloves)
MR       .....                  (no boots)
Stlth    ..........             (no amulet)
HPRegen  0.49/turn              (no ring)
MPRegen  0.10/turn              (no ring)

@: no status effects
A: fangs 2, regeneration 1, magic shield, antimagic bite, no potion heal 3, rot
immunity
a: no special abilities


You were on level 2 of the Dungeon.
You were not hungry.

You visited 1 branch of the dungeon, and saw 2 of its levels.

You collected 91 gold pieces.

Inventory:

Hand Weapons
 a - a +0 long sword (weapon)
Armour
 b - a +0 scale mail (worn)
 c - a +0 shield (worn)
Scrolls
 e - 4 scrolls of magic mapping {unknown}
 i - a scroll of enchant weapon {unknown}
 j - 2 scrolls of identify {unknown}
 k - a scroll of random uselessness {unknown}
 p - a scroll of remove curse {unknown}
 q - a scroll of teleportation {unknown}
Potions
 d - 2 potions of might
 g - a potion of brilliance {unknown}
 h - a potion of resistance
 m - a potion of heal wounds {unknown}
Comestibles
 f - 3 bread rations
 n - a meat ration
 o - 8 fruits


   Skills:
 + Level 3.7 Fighting
 + Level 3.2 Long Blades
 + Level 3.3 Armour
 - Level 2.6 Shields


You had 4 spell levels left.
You didn't know any spells.

Dungeon Overview and Level Annotations

Branches:
Dungeon (2/15)

Altars:
Hepliaklqana
Nemelex Xobeh
Vehumet

Annotations:
D:2 Sigmund


Innate Abilities, Weirdness & Mutations

You have extremely sharp teeth.
Your natural rate of healing is unusually fast.
When hurt, damage is shared between your health and your magic reserves.
Your bite disrupts and absorbs the magic of your enemies.
Potions cannot restore your health.
You are immune to rotting.


Message History

You hear some strange, mumbled words.
A magic dart appears from out of thin air!
The magic dart hits you!
* * * LOW HITPOINT WARNING * * *
You miss something. Something hits you but does no damage.
You closely miss something. Something hits you but does no damage.
You completely miss something.
You hear some strange, mumbled words.
A puff of flame appears from out of thin air!
The puff of flame hits you!
* * * LOW HITPOINT WARNING * * *
You barely miss something. Your bite misses something.
You hear some strange, mumbled words.
A magic dart appears from out of thin air!
The magic dart hits you!
* * * LOW HITPOINT WARNING * * *
You hear some strange, mumbled words.
A magic dart appears from out of thin air!
The magic dart hits you!
You die...

#....#...........#.........oo#.
##...#.##...............§..o⌠#.
#...#.##...####.#......... #.
#...#.###<###.......≈.@.≈. #.
#.......§.†.....#......... ##.
#.#.####...........#########..
#.#......####)####...........#
####.######## #{# #......#.####
.....# #@########..#.####
.##### #...........#..... .#
##########.####### .# #.# .#
#.# .# ########### #.# .#
#.........# #.# .# #.#######.#
#.# .# #.# #.# #.#


There were no monsters in sight!

Vanquished Creatures
  3 orc priests
  2 oozes
  3 dart slugs
  2 worms (D:2)
  An orc (D:2)
  4 bats (D:1)
  2 giant cockroaches
  3 goblins
  4 hobgoblins (D:2)
  8 jackals
  A quokka (D:2)
  7 frilled lizards
  3 kobolds
  4 rats
47 creatures vanquished.

Vanquished Creatures (others)
  A dart slug (D:2)
1 creature vanquished.

Grand Total: 48 creatures vanquished

Notes
Turn   | Place    | Note
-------+----------+-------------------------------------------
     0 | D:1      | KarmaPolice the Vine Stalker Fighter began the quest for the Orb.
     0 | D:1      | Reached XP level 1. HP: 11/11 MP: 2/2
   259 | D:1      | Reached XP level 2. HP: 15/16 MP: 1/3
   673 | D:1      | Reached XP level 3. HP: 20/20 MP: 4/4
   890 | D:2      | Found a sparkling altar of Nemelex Xobeh.
  1022 | D:2      | Found a radiant altar of Vehumet.
  1223 | D:2      | Gained mutation: Your natural rate of healing is unusually fast. [Vine Stalker growth]
  1223 | D:2      | Reached XP level 4. HP: 20/24 MP: 5/5
  1535 | D:2      | Found a hazy altar of Hepliaklqana.
  1539 | D:2      | Noticed Sigmund
  1796 | D:2      | Reached XP level 5. HP: 24/29 MP: 6/6
  1824 | D:2      | Killed from afar by an orc wizard

Vault maps used:
D:1:      nicolae_arrival_somewhat_less_tricky_arrival, dk_noncrumbling_2,
          hex_large
D:2:      cheibrodos_pilgrimage, fiery_altar_vehumet, lemuel_crystal_altar,
          old_standard_altar, first_bread, roderic_three_in_a_row, uniq_sigmund

Skill      XL: |  1  2  3  4 |
---------------+-------------+-----
Long Blades    | 2 3 |  3.2
Fighting       | 3 |  3.7
Armour         | 3 |  3.3
Shields        | |  2.6

Action                   |  1- 3 |  4- 6 || total
-------------------------+-------+-------++-------
Melee: Long sword        |    96 |    39 ||   135
       Bite              |    16 |     8 ||    24
  Eat: Chunk             |     1 |     2 ||     3
Armor: Scale mail        |    41 |    12 ||    53
Dodge: Dodged            |    22 |     5 ||    27
Block: Shield            |    42 |     7 ||    49
       Rpst.: Long sword |     6 |     2 ||     8
